Map: Forteresse de fer EC

Players

AgCl - Winner!

  • Race: Protoss Protoss

Atmo

  • Race: Terran Terran

VOD

Have the link to the VOD?

Description

Time

  • Played on: May 9, 2015, 8:22 p.m.
  • Length: 5:07
Show
View Real Time Build Order
Export as new Build Order

AgCl Protoss - Winner!

Build Orders: Oracle Opening, Oracle Opening 

Get SALT Encoding   

  12  0:02  Probe  
  13  0:15  Probe  
  14  0:32  Pylon  
  14  0:50  Probe  
  14  0:53  Assimilator  
  15  1:01  Gateway  
  15  1:02  Probe  
  16  1:14  Probe  
  17  1:26  Probe (Chrono Boost)  
  18  1:33  Pylon  
  18  1:38  Probe (Chrono Boost)  
  19  1:46  Probe (Chrono Boost)  
  20  1:48  Zealot (Chrono Boost)  
  22  1:55  Probe  
  23  2:02  Cybernetics Core  
  23  2:03  Assimilator  
  23  2:08  Probe (Chrono Boost)  
  24  2:20  Probe (Chrono Boost)  
  25  2:29  Probe (Chrono Boost), Pylon  
  27  2:37  Probe (Chrono Boost)  
  27  2:41  Stargate  
  27  2:46  Mothership Core (Chrono Boost)  
  29  2:54  Adept  
  31  3:03  Probe  
  30  3:16  Nexus  
  30  3:21  Adept  
  30  3:25  Oracle (Chrono Boost)  
  35  3:44  Probe (Chrono Boost)  
  36  3:49  Pylon  
  36  3:56  Probe (Chrono Boost)  
  37  4:05  Probe (Chrono Boost)  
  38  4:13  Probe, Pylon  
  39  4:20  Gateway  
  39  4:24  Twilight Council  
  39  4:25  Probe  
  41  4:38  Probe (Chrono Boost)  
  41  4:45  Probe (Chrono Boost)  
  42  4:51  Assimilator  
  43  4:54  Gateway  
  43  4:55  Probe (Chrono Boost)  
  43  4:56  Probe (Chrono Boost)  
Show
View Real Time Build Order
Export as new Build Order

Atmo Terran 

Build Orders:  

Get SALT Encoding   

  12  0:01  SCV  
  13  0:13  SCV  
  14  0:19  Supply Depot  
  14  0:25  SCV  
  15  0:29  Refinery  
  15  0:41  SCV  
  16  0:50  Barracks  
  16  0:53  SCV  
  17  1:05  SCV  
  17  1:08  Barracks  
  18  1:17  SCV  
  19  1:29  SCV  
  20  1:34  Refinery  
  20  1:40  Barracks Reactor  
  20  1:44  Orbital Command  
  20  2:07  Supply Depot  
  20  2:11  Barracks Reactor  
  20  2:17  SCV  
  20  2:20  Reaper x2  
  23  2:34  SCV, Barracks  
  24  2:46  SCV  
  24  2:50  Reaper x2  
  25  3:11  Reaper x2  
  27  3:16  Factory  
  27  3:31  Marine x3  
  29  3:43  Marine x2  
  29  3:48  Marine  
  29  3:49  Barracks Tech Lab, Marine  
  29  3:55  Supply Depot  
  31  3:57  Supply Depot  
  31  4:08  Factory Tech Lab  
  31  4:16  Starport  
  31  4:22  Missile Turret  
  31  4:28  Command Center  
  23  4:47  Marine x2  
  23  4:48  Marine x3  
Tags
 
Add a new tag
Caveats
  • Supply blocks, unpowered buildings, or Contaminate may cause inaccurate times.
  • Supply counts are checked every 10 seconds.